Canucks vs Stars

Created - June 11, 2017 at 20:54

Goals
1 2 3 T
Canucks 2 1 2 5
Stars 1 1 0 2
Shots
1 2 3 T
Canucks 11 7 15 33
Stars 14 13 9 36

1st period

1. Canucks , Maxim Lapierre 5 (Patrick Eaves 2, Ben Lovejoy 7) at 7:36
2. Canucks , Maxim Afinogenov 2 (Sami Lepisto 6, Nikolai Zherdev 8) at 11:49 (PP)
3. Stars , Michael Frolik 4 (Ryan Getzlaf 3) at 13:03

Penalties :
Peter Worrell (Dal) for Hooking (Minor) at 10:59

2nd period

4. Stars , John Tavares 6 (Trevor Daley 4, Radim Vrbata 5) at 9:35 (PP)
5. Canucks , Alex Goligoski 3 (Maxim Afinogenov 10, Jiri Hudler 4) at 19:53 (PP)

Penalties :
Evgeny Artyukhin (Dal) for Roughing (Minor) at 1:10, Matt Stajan (Van) for Cross-checking (Minor) at 9:32, Peter Worrell (Dal) for Hooking (Minor) at 15:38, Peter Worrell (Dal) for Holding (Minor) at 19:39

3rd period

6. Canucks , Clarke MacArthur 3 (Mike Ribeiro 1) at 2:13
7. Canucks , Alex Tanguay 2 (Matt Stajan 3, Sami Lepisto 7) at 11:47

Penalties :
Ryan Getzlaf (Dal) for Cross-checking (Minor) at 5:35

Goalie Stats

Brent Krahn (Van), 34 saves from 36 shots - (0.944), W, 7-3-1, 60:00 minutes
Miika Kiprusoff (Dal), 28 saves from 33 shots - (0.848), L, 5-3-0, 60:00 minutes

Players Stats for Canucks

Player Name              G  A  P  +/- PIM S  H  SB GA TA FO     MP     PP MP  PK MP  
------------------------------------------------------------------------------------
Alex Goligoski           1  0  1   0  0   3  1  2  0  2  0/0    20:00   4:37   0:03 
Alex Tanguay             1  0  1   1  0   4  2  0  0  0  0/0    16:15   0:00   0:00 
Ben Lovejoy              0  1  1   1  0   0  1  2  1  1  0/0    20:15   0:00   0:03 
Bobby Butler             0  0  0   1  0   0  2  0  1  1  0/1    18:04   0:00   0:00 
Brendon Nash             0  0  0   0  0   1  0  1  0  1  0/0    13:33   2:24   0:00 
Clarke MacArthur         1  0  1   0  0   2  0  0  0  0  0/1    13:39   2:52   0:00 
Jiri Hudler              0  1  1   0  0   3  1  0  0  0  0/0    12:44   4:09   0:00 
Martin St. Louis         0  0  0   0  0   0  0  0  0  1  0/3     9:09   0:00   0:00 
Matt Stajan              0  1  1   1  2   2  4  0  0  0  3/9    15:46   0:00   0:00 
Maxim Afinogenov         1  1  2   0  0   4  1  1  0  0  3/9    14:59   4:09   0:03 
Maxim Lapierre           1  0  1   1  0   3  1  0  0  0  14/29  18:04   0:00   0:00 
Mike Ribeiro             0  1  1   0  0   2  1  1  0  0  2/5    10:48   0:00   0:03 
Milan Michalek           0  0  0   0  0   1  1  0  0  0  0/0    11:10   2:52   0:00 
Nick Pryor               0  0  0   1  0   1  2  2  0  0  0/0    26:12   4:37   0:00 
Nikolai Zherdev          0  1  1   1  0   0  1  0  1  0  1/2    19:05   4:09   0:00 
Patrick Eaves            0  1  1   1  0   5  1  1  0  0  1/1    20:13   2:52   0:00 
Ryan Parent              0  0  0   1  0   1  2  1  1  0  0/0    15:30   0:00   0:00 
Sami Lepisto             0  2  2   1  0   1  1  2  1  0  0/0    24:30   2:24   0:00 

Players Stats for Stars

Player Name              G  A  P  +/- PIM S  H  SB GA TA FO     MP     PP MP  PK MP  
------------------------------------------------------------------------------------
Andrei Markov            0  0  0   1  0   4  0  1  1  1  0/0    19:25   0:00   4:07 
Brian Lee                0  0  0  -3  0   1  3  1  0  2  0/0    23:59   0:03   2:54 
Evgeny Artyukhin         0  0  0   0  2   1  0  0  1  0  0/0    10:34   0:00   0:00 
John Tavares             1  0  1  -1  0   7  1  0  1  0  17/28  18:51   0:03   1:03 
Johnny Oduya             0  0  0   0  0   0  1  1  0  0  0/0    16:43   0:00   0:07 
Jussi Jokinen            0  0  0   0  0   2  0  0  0  1  0/0    12:28   0:03   1:44 
Marcus Kruger            0  0  0   0  0   3  0  0  0  0  2/4    11:26   0:00   1:43 
Michael Frolik           1  0  1  -1  0   2  1  0  1  0  0/0    14:54   0:00   0:00 
Michal Handzus           0  0  0   0  0   0  0  1  1  0  8/12   14:49   0:00   4:15 
Paul Martin              0  0  0   0  0   0  0  0  1  0  0/0    19:27   0:00   2:47 
Peter Worrell            0  0  0  -1  6   2  1  0  0  0  0/0    15:57   0:00   1:03 
Radim Vrbata             0  1  1  -1  0   7  3  0  0  0  1/2    17:44   0:03   0:00 
Ryan Getzlaf             0  1  1  -1  2   2  1  1  0  0  6/12   14:56   0:00   0:00 
Scott Hartnell           0  0  0  -1  0   1  2  0  0  0  2/2    18:01   0:00   0:20 
Scottie Upshall          0  0  0   0  0   3  2  0  0  0  0/0     9:40   0:00   0:00 
Sean Avery               0  0  0   0  0   1  2  0  0  0  0/0    13:34   0:00   3:54 
Shaone Morrisonn         0  0  0   1  0   0  0  0  0  0  0/0    19:25   0:00   4:07 
Trevor Daley             0  1  1  -3  0   0  0  2  0  1  0/0    21:01   0:03   0:00 

3 Stars

1 - Maxim Afinogenov (Van)
2 - Brent Krahn (Van)
3 - Alex Tanguay (Van)

Power Play

Canucks - 2 on 5 Attempt(s) - 40.00%
Stars - 1 on 1 Attempt(s) - 100.00%

Penalty Kill

Canucks - 0 on 1 Attempt(s) - 0.00% - Score 0 goal in Penalty Kill
Stars - 3 on 5 Attempt(s) - 60.00% - Score 0 goal in Penalty Kill

Team Stat

Canucks - Hits : 22 - Faceoff Wins : 24 - Blocked Shots : 13 - Penalty Minutes : 2
Stars - Hits : 17 - Faceoff Wins : 36 - Blocked Shots : 7 - Penalty Minutes : 10

Official

Referees : McCreary Bill and Leggo Mike
Linesman : Jean Morin and Jay Sharrers

Game Notes

No Game Note

Finance

Level 1 -- Attendance: 6000 (100.00%) -- Ticket Income $390,000
Level 2 -- Attendance: 4952 (99.04%) -- Ticket Income $272,360
Level 3 -- Attendance: 1704 (85.20%) -- Ticket Income $76,680
Level 4 -- Attendance: 2857 (71.43%) -- Ticket Income $99,995
Luxury Box -- Attendance: 1000 (100.00%) -- Ticket Income $100,000
Game was played at the American Airlines Center.
Total Attendance: 16513 (91.74%)
Total Ticket Income: $939,035
Other Income: $140,855
Total Income: $1,079,890

Canucks

5 vs 5 Forward 
   Center                   Left Wing                Right Wing               Time % Phy DF OF 
 1 Maxim Lapierre           Bobby Butler             Patrick Eaves            40     1   2  2  
 2 Matt Stajan              Alex Tanguay             Nikolai Zherdev          30     1   2  2  
 3 Mike Ribeiro             Clarke MacArthur         Maxim Afinogenov         20     1   2  2  
 4 Martin St. Louis         Milan Michalek           Jiri Hudler              10     1   2  2  

5 vs 5 Defense 
   Defense                  Defense                                           Time % Phy DF OF 
 1 Nick Pryor               Sami Lepisto                                      40     1   2  2  
 2 Ryan Parent              Ben Lovejoy                                       30     1   2  2  
 3 Brendon Nash             Alex Goligoski                                    20     1   2  2  
 4 Alex Goligoski           Ben Lovejoy                                       10     1   2  2  

PowerPlay Forward 
   Center                   Left Wing                Right Wing               Time % Phy DF OF 
 1 Maxim Afinogenov         Nikolai Zherdev          Jiri Hudler              60     1   2  2  
 2 Patrick Eaves            Clarke MacArthur         Milan Michalek           40     1   2  2  

PowerPlay Defense
   Defense                  Defense                                           Time % Phy DF OF 
 1 Nick Pryor               Alex Goligoski                                    60     1   2  2  
 2 Sami Lepisto             Brendon Nash                                      40     1   2  2  

Penalty Kill 4 Players Forward 
   Center                   Wing                     Time % Phy DF OF 
 1 Maxim Afinogenov         Mike Ribeiro             60     1   2  2  
 2 Martin St. Louis         Matt Stajan              40     1   2  2  

Penalty Kill 4 Players Defense
   Defense                  Defense                  Time % Phy DF OF 
 1 Alex Goligoski           Ben Lovejoy              60     1   2  2  
 2 Ryan Parent              Sami Lepisto             40     1   2  2  

Penalty Kill - 3 Players Forward 
   Forward                                           Time % Phy DF OF 
 1 Maxim Afinogenov                                  60     1   2  2  
 2 Mike Ribeiro                                      40     1   2  2  

Penalty Kill - 3 Players Defense
   Defense                  Defense                  Time % Phy DF OF 
 1 Alex Goligoski           Ben Lovejoy              60     1   2  2  
 2 Ryan Parent              Sami Lepisto             40     1   2  2  

4 vs 4 Forward 
   Center                   Wing                     Time % Phy DF OF 
 1 Maxim Afinogenov         Mike Ribeiro             60     1   2  2  
 2 Martin St. Louis         Matt Stajan              40     1   2  2  

4 vs 4 Defense
   Defense                  Defense                  Time % Phy DF OF 
 1 Alex Goligoski           Ben Lovejoy              60     1   2  2  
 2 Ryan Parent              Sami Lepisto             40     1   2  2  

Last Minutes Offensive
   Center                   Left Wing                Right Wing               Defense                  Defense                  
   Mike Ribeiro             Milan Michalek           Maxim Afinogenov         Alex Goligoski           Ben Lovejoy              

Last Minutes Defensive
   Center                   Left Wing                Right Wing               Defense                  Defense                  
   Mike Ribeiro             Milan Michalek           Maxim Afinogenov         Alex Goligoski           Ben Lovejoy              

Goaltenders
Starting : Brent Krahn              
Backup : Carey Price              

Extra Forwards
Normal : Patrick Eaves, Jiri Hudler, Alex Tanguay - PP : Patrick Eaves, Jiri Hudler - PK : Alex Tanguay
Extra Defensemen
Normal : Brendon Nash, Nick Pryor, Ryan Parent - PP : Brendon Nash - PK : Nick Pryor, Ryan Parent
Penalty Shots
Maxim Afinogenov, Mike Ribeiro, Martin St. Louis, Matt Stajan, Milan Michalek

Scratches
Doug Janik (Healthy), Tom Poti (Lacerated Left Calf Injury)

Stars

5 vs 5 Forward 
   Center                   Left Wing                Right Wing               Time % Phy DF OF 
 1 John Tavares             Scott Hartnell           Radim Vrbata             38     0   1  4  
 2 Ryan Getzlaf             Peter Worrell            Michael Frolik           30     0   2  3  
 3 Michal Handzus           Jussi Jokinen            Evgeny Artyukhin         20     1   2  2  
 4 Marcus Kruger            Sean Avery               Scottie Upshall          12     1   2  2  

5 vs 5 Defense 
   Defense                  Defense                                           Time % Phy DF OF 
 1 Brian Lee                Trevor Daley                                      40     0   2  3  
 2 Paul Martin              Johnny Oduya                                      30     1   2  2  
 3 Andrei Markov            Shaone Morrisonn                                  20     1   3  1  
 4 Andrei Markov            Shaone Morrisonn                                  10     1   3  1  

PowerPlay Forward 
   Center                   Left Wing                Right Wing               Time % Phy DF OF 
 1 John Tavares             Jussi Jokinen            Radim Vrbata             60     0   1  4  
 2 Ryan Getzlaf             Scott Hartnell           Michael Frolik           40     0   1  4  

PowerPlay Defense
   Defense                  Defense                                           Time % Phy DF OF 
 1 Brian Lee                Trevor Daley                                      60     0   2  3  
 2 Paul Martin              Johnny Oduya                                      40     0   2  3  

Penalty Kill 4 Players Forward 
   Center                   Wing                     Time % Phy DF OF 
 1 Michal Handzus           Sean Avery               60     0   4  1  
 2 Marcus Kruger            Peter Worrell            40     0   4  1  

Penalty Kill 4 Players Defense
   Defense                  Defense                  Time % Phy DF OF 
 1 Andrei Markov            Shaone Morrisonn         60     1   4  0  
 2 Paul Martin              Brian Lee                40     1   4  0  

Penalty Kill - 3 Players Forward 
   Forward                                           Time % Phy DF OF 
 1 Michal Handzus                                    60     0   4  1  
 2 Radim Vrbata                                      40     0   4  1  

Penalty Kill - 3 Players Defense
   Defense                  Defense                  Time % Phy DF OF 
 1 Brian Lee                Johnny Oduya             60     0   4  1  
 2 Paul Martin              Trevor Daley             40     0   4  1  

4 vs 4 Forward 
   Center                   Wing                     Time % Phy DF OF 
 1 John Tavares             Radim Vrbata             60     0   2  3  
 2 Ryan Getzlaf             Scott Hartnell           40     0   2  3  

4 vs 4 Defense
   Defense                  Defense                  Time % Phy DF OF 
 1 Brian Lee                Johnny Oduya             60     1   2  2  
 2 Paul Martin              Trevor Daley             40     1   2  2  

Last Minutes Offensive
   Center                   Left Wing                Right Wing               Defense                  Defense                  
   John Tavares             Scott Hartnell           Radim Vrbata             Brian Lee                Johnny Oduya             

Last Minutes Defensive
   Center                   Left Wing                Right Wing               Defense                  Defense                  
   John Tavares             Scott Hartnell           Radim Vrbata             Brian Lee                Johnny Oduya             

Goaltenders
Starting : Miika Kiprusoff          
Backup : Pascal Leclaire          

Extra Forwards
Normal : Evgeny Artyukhin, Scottie Upshall, Michal Handzus - PP : Evgeny Artyukhin, Scottie Upshall - PK : Michal Handzus
Extra Defensemen
Normal : Andrei Markov, Shaone Morrisonn, Paul Martin - PP : Andrei Markov - PK : Shaone Morrisonn, Paul Martin
Penalty Shots
John Tavares, Michael Frolik, Radim Vrbata, Michal Handzus, Sean Avery

Scratches
None


% Time on Ice - Canucks

Lines # - Real PCT - Wanted PCT - Time Play
Normal Forward
1 - 34% - 40% - 18:06
2 - 30% - 30% - 15:49
3 - 20% - 20% - 10:45
4 - 16% - 10% - 8:16
Normal Defense
1 - 41% - 40% - 21:35
2 - 30% - 30% - 15:51
3 - 20% - 20% - 10:48
4 - 9% - 10% - 4:42
PP Forward
1 - 59% - 60% - 4:09
2 - 41% - 40% - 2:52
PP Defense
1 - 66% - 60% - 4:37
2 - 34% - 40% - 2:24
PK Forward
1 - 100% - 60% - 0:03
2 - 0% - 40% - 0:00
PK Defense
1 - 100% - 60% - 0:03
2 - 0% - 40% - 0:00
PK3 Forward
1 - 0% - 60%
2 - 0% - 40%
PK3 Defense
1 - 0% - 60%
2 - 0% - 40%
44 Forward
1 - 0% - 60%
2 - 0% - 40%
44 Defense
1 - 0% - 60%
2 - 0% - 40%
Last Minute Offensive  - 0:00
Last Minute Defensive  - 0:00
Total
Forward - 60:00
Defense - 60:00

% Time on Ice - Stars

Lines # - Real PCT - Wanted PCT - Time Play
Normal Forward
1 - 34% - 38% - 17:45
2 - 28% - 30% - 14:57
3 - 20% - 20% - 10:34
4 - 18% - 12% - 9:40
Normal Defense
1 - 41% - 40% - 21:34
2 - 31% - 30% - 16:40
3 - 20% - 20% - 10:23
4 - 8% - 10% - 4:19
PP Forward
1 - 100% - 60% - 0:03
2 - 0% - 40% - 0:00
PP Defense
1 - 100% - 60% - 0:03
2 - 0% - 40% - 0:00
PK Forward
1 - 76% - 60% - 5:18
2 - 24% - 40% - 1:43
PK Defense
1 - 60% - 60% - 4:14
2 - 40% - 40% - 2:47
PK3 Forward
1 - 0% - 60%
2 - 0% - 40%
PK3 Defense
1 - 0% - 60%
2 - 0% - 40%
44 Forward
1 - 0% - 60%
2 - 0% - 40%
44 Defense
1 - 0% - 60%
2 - 0% - 40%
Last Minute Offensive  - 0:00
Last Minute Defensive  - 0:00
Total
Forward - 60:00
Defense - 60:00

Play by Play

1st period


0:01 of 1st period - Maxim Lapierre wins face-off versus John Tavares in neutral zone.
0:10 of 1st period - Wrist shot by Patrick Eaves.
0:10 of 1st period - Shot Misses the Net.
0:29 of 1st period - Icing by Nikolai Zherdev.
0:30 of 1st period - Michal Handzus wins face-off versus Matt Stajan in Canucks zone.
0:33 of 1st period - Slapshot by Evgeny Artyukhin.
0:33 of 1st period - Stopped by Brent Krahn without a rebound.
0:34 of 1st period - Michal Handzus wins face-off versus Matt Stajan in Canucks zone.
0:35 of 1st period - Snap shot by Jussi Jokinen.
0:35 of 1st period - Stopped by Brent Krahn with a rebound.
0:37 of 1st period - Slapshot by Paul Martin.
0:37 of 1st period - Deflect By Jussi Jokinen.
0:37 of 1st period - Stopped by Brent Krahn without a rebound.
0:38 of 1st period - Ryan Getzlaf wins face-off versus Mike Ribeiro in Canucks zone.
0:45 of 1st period - Wrist shot by Peter Worrell.
0:45 of 1st period - Stopped by Brent Krahn with a rebound.
0:58 of 1st period - Johnny Oduya is hit by Mike Ribeiro and loses puck.
1:21 of 1st period - Johnny Oduya is hit by Alex Goligoski and loses puck.
1:42 of 1st period - Snap shot by Radim Vrbata.
1:42 of 1st period - Stopped by Brent Krahn with a rebound.
1:44 of 1st period - Slapshot by Scott Hartnell.
1:44 of 1st period - Shot Blocked by Ben Lovejoy.
1:46 of 1st period - Wrist shot by John Tavares.
1:46 of 1st period - Stopped by Brent Krahn without a rebound.
1:47 of 1st period - Michal Handzus wins face-off versus Bobby Butler in Canucks zone.
2:12 of 1st period - Scott Hartnell is hit by Sami Lepisto and loses puck.
2:21 of 1st period - Matt Stajan is hit by Radim Vrbata and loses puck.
4:07 of 1st period - Slapshot by Ryan Getzlaf.
4:07 of 1st period - Stopped by Brent Krahn with a rebound.
4:27 of 1st period - Slapshot by Paul Martin.
4:27 of 1st period - Shot Blocked by Alex Goligoski.
5:07 of 1st period - Wrist shot by Radim Vrbata.
5:07 of 1st period - Shot Blocked by Sami Lepisto.
5:23 of 1st period - Snap shot by Michael Frolik.
5:23 of 1st period - Deflect By Peter Worrell.
5:23 of 1st period - Stopped by Brent Krahn with a rebound.
5:25 of 1st period - Slapshot by Shaone Morrisonn.
5:25 of 1st period - Shot Blocked by Nick Pryor.
5:47 of 1st period - Bobby Butler is hit by Scottie Upshall and loses puck.
6:06 of 1st period - Alex Goligoski is hit by Radim Vrbata and loses puck.
6:25 of 1st period - Jussi Jokinen is hit by Matt Stajan.
6:49 of 1st period - Ben Lovejoy is hit by Scottie Upshall and loses puck.
7:34 of 1st period - Wrist shot by Patrick Eaves.
7:34 of 1st period - Stopped by Miika Kiprusoff with a rebound.
7:36 of 1st period - Snap shot by Maxim Lapierre.
7:36 of 1st period - Goal by Maxim Lapierre - Canucks : 1 - Stars : 0.
7:37 of 1st period - John Tavares wins face-off versus Maxim Lapierre in neutral zone.
7:51 of 1st period - Off-side.
7:52 of 1st period - Maxim Lapierre wins face-off versus Ryan Getzlaf in neutral zone.
8:25 of 1st period - Wrist shot by Maxim Afinogenov.
8:25 of 1st period - Stopped by Miika Kiprusoff with a rebound.
8:28 of 1st period - Icing by Radim Vrbata.
8:29 of 1st period - Scott Hartnell wins face-off versus Mike Ribeiro in Stars zone.
8:40 of 1st period - Wrist shot by Radim Vrbata.
8:40 of 1st period - Shot Blocked by Maxim Afinogenov.
9:09 of 1st period - Wrist shot by Radim Vrbata.
9:09 of 1st period - Stopped by Brent Krahn without a rebound.
9:10 of 1st period - Ryan Getzlaf wins face-off versus Nikolai Zherdev in Canucks zone.
9:13 of 1st period - Snap shot by Ryan Getzlaf.
9:13 of 1st period - Deflect By Michael Frolik.
9:13 of 1st period - Shot Misses the Net.
9:13 of 1st period - Puck is out of play.
9:14 of 1st period - Matt Stajan wins face-off versus Ryan Getzlaf in Canucks zone.
9:25 of 1st period - Wrist shot by Alex Tanguay.
9:25 of 1st period - Stopped by Miika Kiprusoff without a rebound.
9:26 of 1st period - Ryan Getzlaf wins face-off versus Maxim Lapierre in Stars zone.
10:38 of 1st period - Slapshot by Alex Goligoski.
10:38 of 1st period - Shot Blocked by Trevor Daley.
10:59 of 1st period - Minor Penalty to Peter Worrell for Hooking.
11:00 of 1st period - Maxim Afinogenov wins face-off versus Michal Handzus in Stars zone.
11:05 of 1st period - Wrist shot by Maxim Afinogenov.
11:05 of 1st period - Stopped by Miika Kiprusoff without a rebound.
11:06 of 1st period - Michal Handzus wins face-off versus Maxim Afinogenov in Stars zone.
11:40 of 1st period - Slapshot by Alex Goligoski.
11:40 of 1st period - Shot Misses the Net.
11:42 of 1st period - Slapshot by Nick Pryor.
11:42 of 1st period - Deflect By Clarke MacArthur.
11:42 of 1st period - Shot Misses the Net.
11:42 of 1st period - Puck is out of play.
11:43 of 1st period - Maxim Afinogenov wins face-off versus Michal Handzus in Stars zone.
11:49 of 1st period - Slapshot by Maxim Afinogenov.
11:49 of 1st period - Goal by Maxim Afinogenov - Canucks : 2 - Stars : 0.
11:50 of 1st period - John Tavares wins face-off versus Maxim Lapierre in neutral zone.
12:21 of 1st period - Wrist shot by Patrick Eaves.
12:21 of 1st period - Stopped by Miika Kiprusoff with a rebound.
12:25 of 1st period - Wrist shot by Maxim Lapierre.
12:25 of 1st period - Shot Misses the Net.
12:27 of 1st period - Snap shot by Patrick Eaves.
12:27 of 1st period - Stopped by Miika Kiprusoff without a rebound.
12:28 of 1st period - Radim Vrbata wins face-off versus Matt Stajan in Stars zone.
12:28 of 1st period - Radim Vrbata is hit by Ryan Parent.
13:03 of 1st period - Snap shot by Michael Frolik.
13:03 of 1st period - Goal by Michael Frolik - Canucks : 2 - Stars : 1.
13:04 of 1st period - Patrick Eaves wins face-off versus John Tavares in neutral zone.
13:15 of 1st period - Maxim Lapierre is hit by Scott Hartnell and loses puck.
13:49 of 1st period - Snap shot by Jiri Hudler.
13:49 of 1st period - Shot Blocked by Michal Handzus.
14:39 of 1st period - Slapshot by John Tavares.
14:39 of 1st period - Shot Misses the Net.
14:43 of 1st period - Wrist shot by John Tavares.
14:43 of 1st period - Stopped by Brent Krahn without a rebound.
14:44 of 1st period - Matt Stajan wins face-off versus John Tavares in Canucks zone.
15:10 of 1st period - Sami Lepisto is hit by Johnny Oduya and loses puck.
15:56 of 1st period - Wrist shot by Marcus Kruger.
15:56 of 1st period - Stopped by Brent Krahn without a rebound.
15:57 of 1st period - Marcus Kruger wins face-off versus Martin St. Louis in Canucks zone.
16:24 of 1st period - Paul Martin is hit by Maxim Lapierre.
16:49 of 1st period - Slapshot by Alex Tanguay.
16:49 of 1st period - Stopped by Miika Kiprusoff with a rebound.
17:31 of 1st period - Icing by Scottie Upshall.
17:32 of 1st period - Maxim Lapierre wins face-off versus Marcus Kruger in Stars zone.
18:05 of 1st period - John Tavares is hit by Matt Stajan and loses puck.
18:32 of 1st period - Snap shot by Mike Ribeiro.
18:32 of 1st period - Stopped by Miika Kiprusoff with a rebound.
18:34 of 1st period - Wrist shot by Nick Pryor.
18:34 of 1st period - Stopped by Miika Kiprusoff without a rebound.
18:35 of 1st period - John Tavares wins face-off versus Maxim Lapierre in Stars zone.
18:48 of 1st period - Radim Vrbata is hit by Bobby Butler and loses puck.
19:22 of 1st period - Wrist shot by Jussi Jokinen.
19:22 of 1st period - Shot Blocked by Alex Goligoski.
19:24 of 1st period - Snap shot by Andrei Markov.
19:24 of 1st period - Deflect By Alex Goligoski.
19:24 of 1st period - Stopped by Brent Krahn with a rebound.
19:26 of 1st period - Backhand shot by Shaone Morrisonn.
19:26 of 1st period - Deflect By Jussi Jokinen.
19:26 of 1st period - Shot Misses the Net.
19:26 of 1st period - Puck is out of play.
19:27 of 1st period - John Tavares wins face-off versus Clarke MacArthur in Canucks zone.
19:36 of 1st period - Slapshot by Radim Vrbata.
19:36 of 1st period - Stopped by Brent Krahn without a rebound.
19:37 of 1st period - John Tavares wins face-off versus Maxim Lapierre in Canucks zone.
19:59 of 1st period - Icing by Andrei Markov.
Goals for this period are 2 for Canucks vs 1 for Stars.
Shots for this period are 11 for Canucks vs 14 for Stars.

2nd period


0:01 of 2nd period - Maxim Lapierre wins face-off versus Ryan Getzlaf in neutral zone.
0:10 of 2nd period - Wrist shot by Patrick Eaves.
0:10 of 2nd period - Shot Misses the Net.
0:13 of 2nd period - Icing by Michael Frolik.
0:14 of 2nd period - Ryan Getzlaf wins face-off versus Maxim Lapierre in Stars zone.
1:10 of 2nd period - Minor Penalty to Evgeny Artyukhin for Roughing.
1:11 of 2nd period - Maxim Afinogenov wins face-off versus Michal Handzus in Stars zone.
1:22 of 2nd period - Slapshot by Jiri Hudler.
1:22 of 2nd period - Stopped by Miika Kiprusoff without a rebound.
1:23 of 2nd period - Michal Handzus wins face-off versus Maxim Afinogenov in Stars zone.
3:02 of 2nd period - Slapshot by John Tavares.
3:02 of 2nd period - Stopped by Brent Krahn with a rebound.
3:10 of 2nd period - Penalty to Evgeny Artyukhin is over, Evgeny Artyukhin is back on ice.
3:16 of 2nd period - Maxim Lapierre is hit by Ryan Getzlaf and loses puck.
3:21 of 2nd period - Snap shot by Michael Frolik.
3:21 of 2nd period - Stopped by Brent Krahn with a rebound.
3:23 of 2nd period - Slapshot by Ryan Getzlaf.
3:23 of 2nd period - Shot Blocked by Patrick Eaves.
4:34 of 2nd period - Michael Frolik is hit by Alex Tanguay and loses puck.
4:45 of 2nd period - Wrist shot by Martin St. Louis.
4:45 of 2nd period - Shot Misses the Net.
5:43 of 2nd period - Icing by Brian Lee.
5:44 of 2nd period - Nikolai Zherdev wins face-off versus Michal Handzus in Stars zone.
5:54 of 2nd period - Icing by Nikolai Zherdev.
5:55 of 2nd period - John Tavares wins face-off versus Matt Stajan in Canucks zone.
6:04 of 2nd period - Slapshot by Alex Goligoski.
6:04 of 2nd period - Stopped by Miika Kiprusoff with a rebound.
6:06 of 2nd period - Snap shot by Alex Goligoski.
6:06 of 2nd period - Shot Blocked by Andrei Markov.
6:10 of 2nd period - Slapshot by Matt Stajan.
6:10 of 2nd period - Stopped by Miika Kiprusoff without a rebound.
6:11 of 2nd period - Maxim Lapierre wins face-off versus Ryan Getzlaf in Stars zone.
6:38 of 2nd period - John Tavares is hit by Matt Stajan.
7:25 of 2nd period - Snap shot by Jiri Hudler.
7:25 of 2nd period - Shot Misses the Net.
7:27 of 2nd period - Snap shot by Jiri Hudler.
7:27 of 2nd period - Stopped by Miika Kiprusoff without a rebound.
7:28 of 2nd period - John Tavares wins face-off versus Maxim Lapierre in Stars zone.
8:59 of 2nd period - Snap shot by Radim Vrbata.
8:59 of 2nd period - Stopped by Brent Krahn without a rebound.
9:00 of 2nd period - John Tavares wins face-off versus Maxim Lapierre in Canucks zone.
9:05 of 2nd period - Slapshot by Scott Hartnell.
9:05 of 2nd period - Deflect By John Tavares.
9:05 of 2nd period - Stopped by Brent Krahn with a rebound.
9:19 of 2nd period - Snap shot by John Tavares.
9:19 of 2nd period - Stopped by Brent Krahn without a rebound.
9:20 of 2nd period - Ryan Getzlaf wins face-off versus Matt Stajan in Canucks zone.
9:32 of 2nd period - Minor Penalty to Matt Stajan for Cross-checking.
9:33 of 2nd period - John Tavares wins face-off versus Maxim Afinogenov in Canucks zone.
9:33 of 2nd period - Snap shot by Radim Vrbata.
9:33 of 2nd period - Shot Misses the Net.
9:35 of 2nd period - Slapshot by Trevor Daley.
9:35 of 2nd period - Deflect By John Tavares.
9:35 of 2nd period - Goal by John Tavares - Canucks : 2 - Stars : 2.
9:36 of 2nd period - Maxim Lapierre wins face-off versus John Tavares in neutral zone.
9:36 of 2nd period - Maxim Lapierre is hit by Brian Lee.
9:42 of 2nd period - Wrist shot by Maxim Lapierre.
9:42 of 2nd period - Deflect By Patrick Eaves.
9:42 of 2nd period - Stopped by Miika Kiprusoff without a rebound.
9:43 of 2nd period - Maxim Lapierre wins face-off versus John Tavares in Stars zone.
10:20 of 2nd period - Wrist shot by Ryan Getzlaf.
10:20 of 2nd period - Stopped by Brent Krahn with a rebound.
10:34 of 2nd period - Wrist shot by Marcus Kruger.
10:34 of 2nd period - Shot Misses the Net.
10:36 of 2nd period - Snap shot by Sean Avery.
10:36 of 2nd period - Deflect By Marcus Kruger.
10:36 of 2nd period - Stopped by Brent Krahn with a rebound.
10:38 of 2nd period - Snap shot by Scottie Upshall.
10:38 of 2nd period - Deflect By Sean Avery.
10:38 of 2nd period - Stopped by Brent Krahn with a rebound.
11:03 of 2nd period - Slapshot by Clarke MacArthur.
11:03 of 2nd period - Stopped by Miika Kiprusoff without a rebound.
11:04 of 2nd period - Maxim Lapierre wins face-off versus John Tavares in Stars zone.
11:21 of 2nd period - Backhand shot by Scott Hartnell.
11:21 of 2nd period - Stopped by Brent Krahn with a rebound.
12:08 of 2nd period - Off-side.
12:09 of 2nd period - John Tavares wins face-off versus Mike Ribeiro in neutral zone.
12:12 of 2nd period - Mike Ribeiro is hit by Brian Lee and loses puck.
12:37 of 2nd period - Brian Lee is hit by Ryan Parent and loses puck.
13:16 of 2nd period - Jussi Jokinen is hit by Maxim Afinogenov and loses puck.
14:23 of 2nd period - Snap shot by Marcus Kruger.
14:23 of 2nd period - Shot Misses the Net.
14:25 of 2nd period - Snap shot by Scottie Upshall.
14:25 of 2nd period - Stopped by Brent Krahn with a rebound.
14:27 of 2nd period - Slapshot by Andrei Markov.
14:27 of 2nd period - Stopped by Brent Krahn with a rebound.
14:45 of 2nd period - Off-side.
14:46 of 2nd period - John Tavares wins face-off versus Maxim Lapierre in neutral zone.
14:57 of 2nd period - Wrist shot by Radim Vrbata.
14:57 of 2nd period - Stopped by Brent Krahn without a rebound.
14:58 of 2nd period - Maxim Lapierre wins face-off versus John Tavares in Canucks zone.
15:38 of 2nd period - Minor Penalty to Peter Worrell for Hooking.
15:39 of 2nd period - Michal Handzus wins face-off versus Maxim Afinogenov in Stars zone.
15:44 of 2nd period - Slapshot by Michal Handzus.
15:44 of 2nd period - Shot Misses the Net.
15:56 of 2nd period - Shaone Morrisonn is hit by Nick Pryor and loses puck.
17:25 of 2nd period - Michal Handzus is hit by Patrick Eaves and loses puck.
17:38 of 2nd period - Penalty to Peter Worrell is over, Peter Worrell is back on ice.
17:46 of 2nd period - Andrei Markov is hit by Bobby Butler and loses puck.
19:39 of 2nd period - Minor Penalty to Peter Worrell for Holding.
19:40 of 2nd period - Michal Handzus wins face-off versus Maxim Afinogenov in Stars zone.
19:51 of 2nd period - Snap shot by Maxim Afinogenov.
19:51 of 2nd period - Shot Misses the Net.
19:53 of 2nd period - Snap shot by Alex Goligoski.
19:53 of 2nd period - Deflect By Brian Lee.
19:53 of 2nd period - Goal by Alex Goligoski - Canucks : 3 - Stars : 2.
19:54 of 2nd period - Scott Hartnell wins face-off versus Maxim Lapierre in neutral zone.
Goals for this period are 1 for Canucks vs 1 for Stars.
Shots for this period are 7 for Canucks vs 13 for Stars.

3rd period


0:01 of 3rd period - John Tavares wins face-off versus Maxim Lapierre in neutral zone.
0:11 of 3rd period - Wrist shot by Maxim Lapierre.
0:11 of 3rd period - Shot Hit the Post.
0:13 of 3rd period - Snap shot by Sami Lepisto.
0:13 of 3rd period - Stopped by Miika Kiprusoff without a rebound.
0:14 of 3rd period - John Tavares wins face-off versus Maxim Lapierre in Stars zone.
0:29 of 3rd period - Snap shot by Scott Hartnell.
0:29 of 3rd period - Shot Misses the Net.
0:31 of 3rd period - Backhand shot by John Tavares.
0:31 of 3rd period - Stopped by Brent Krahn with a rebound.
1:10 of 3rd period - Snap shot by Michal Handzus.
1:10 of 3rd period - Shot Misses the Net.
1:28 of 3rd period - Slapshot by Marcus Kruger.
1:28 of 3rd period - Stopped by Brent Krahn with a rebound.
1:30 of 3rd period - Slapshot by Sean Avery.
1:30 of 3rd period - Shot Blocked by Nick Pryor.
1:52 of 3rd period - Paul Martin is hit by Nick Pryor and loses puck.
2:11 of 3rd period - Wrist shot by Alex Tanguay.
2:11 of 3rd period - Deflect By Nikolai Zherdev.
2:11 of 3rd period - Shot Blocked by Johnny Oduya.
2:11 of 3rd period - Puck is out of play.
2:12 of 3rd period - Mike Ribeiro wins face-off versus Ryan Getzlaf in Stars zone.
2:13 of 3rd period - Snap shot by Clarke MacArthur.
2:13 of 3rd period - Goal by Clarke MacArthur - Canucks : 4 - Stars : 2.
2:14 of 3rd period - Maxim Lapierre wins face-off versus Radim Vrbata in neutral zone.
2:17 of 3rd period - Slapshot by Ryan Parent.
2:17 of 3rd period - Stopped by Miika Kiprusoff with a rebound.
3:06 of 3rd period - Snap shot by Maxim Afinogenov.
3:06 of 3rd period - Stopped by Miika Kiprusoff with a rebound.
3:08 of 3rd period - Snap shot by Mike Ribeiro.
3:08 of 3rd period - Stopped by Miika Kiprusoff with a rebound.
3:10 of 3rd period - Snap shot by Clarke MacArthur.
3:10 of 3rd period - Deflect By Maxim Afinogenov.
3:10 of 3rd period - Shot Hit the Post.
3:10 of 3rd period - Puck is out of play.
3:11 of 3rd period - John Tavares wins face-off versus Maxim Lapierre in Stars zone.
4:22 of 3rd period - Snap shot by Scottie Upshall.
4:22 of 3rd period - Stopped by Brent Krahn without a rebound.
4:23 of 3rd period - Marcus Kruger wins face-off versus Martin St. Louis in Canucks zone.
5:08 of 3rd period - Wrist shot by Martin St. Louis.
5:08 of 3rd period - Shot Blocked by Trevor Daley.
5:10 of 3rd period - Wrist shot by Jiri Hudler.
5:10 of 3rd period - Stopped by Miika Kiprusoff without a rebound.
5:11 of 3rd period - Maxim Lapierre wins face-off versus John Tavares in Stars zone.
5:24 of 3rd period - Snap shot by Maxim Lapierre.
5:24 of 3rd period - Stopped by Miika Kiprusoff without a rebound.
5:25 of 3rd period - Ryan Getzlaf wins face-off versus Maxim Lapierre in Stars zone.
5:35 of 3rd period - Minor Penalty to Ryan Getzlaf for Cross-checking.
5:36 of 3rd period - Michal Handzus wins face-off versus Maxim Afinogenov in Stars zone.
6:02 of 3rd period - Andrei Markov is hit by Milan Michalek and loses puck.
7:10 of 3rd period - Michal Handzus is hit by Nikolai Zherdev and loses puck.
7:35 of 3rd period - Penalty to Ryan Getzlaf is over, Ryan Getzlaf is back on ice.
8:03 of 3rd period - Wrist shot by John Tavares.
8:03 of 3rd period - Shot Misses the Net.
8:05 of 3rd period - Slapshot by Scott Hartnell.
8:05 of 3rd period - Shot Misses the Net.
8:07 of 3rd period - Slapshot by Andrei Markov.
8:07 of 3rd period - Stopped by Brent Krahn with a rebound.
8:38 of 3rd period - Wrist shot by Evgeny Artyukhin.
8:38 of 3rd period - Shot Misses the Net.
9:04 of 3rd period - Sami Lepisto is hit by Brian Lee and loses puck.
10:05 of 3rd period - Radim Vrbata is hit by Jiri Hudler.
10:19 of 3rd period - Snap shot by Patrick Eaves.
10:19 of 3rd period - Stopped by Miika Kiprusoff with a rebound.
11:13 of 3rd period - Trevor Daley is hit by Matt Stajan and loses puck.
11:47 of 3rd period - Wrist shot by Alex Tanguay.
11:47 of 3rd period - Goal by Alex Tanguay - Canucks : 5 - Stars : 2.
11:48 of 3rd period - Maxim Lapierre wins face-off versus John Tavares in neutral zone.
11:50 of 3rd period - Brendon Nash is hit by Radim Vrbata and loses puck.
11:56 of 3rd period - Off-side.
11:57 of 3rd period - John Tavares wins face-off versus Maxim Lapierre in neutral zone.
12:04 of 3rd period - Slapshot by Radim Vrbata.
12:04 of 3rd period - Stopped by Brent Krahn with a rebound.
12:06 of 3rd period - Snap shot by Scott Hartnell.
12:06 of 3rd period - Shot Blocked by Brendon Nash.
12:08 of 3rd period - Slapshot by Andrei Markov.
12:08 of 3rd period - Stopped by Brent Krahn without a rebound.
12:09 of 3rd period - Maxim Lapierre wins face-off versus John Tavares in Canucks zone.
12:14 of 3rd period - Snap shot by John Tavares.
12:14 of 3rd period - Shot Misses the Net.
12:22 of 3rd period - John Tavares is hit by Ben Lovejoy and loses puck.
13:01 of 3rd period - Slapshot by Alex Tanguay.
13:01 of 3rd period - Stopped by Miika Kiprusoff with a rebound.
13:03 of 3rd period - Snap shot by Matt Stajan.
13:03 of 3rd period - Shot Misses the Net.
13:05 of 3rd period - Wrist shot by Matt Stajan.
13:05 of 3rd period - Stopped by Miika Kiprusoff with a rebound.
13:07 of 3rd period - Wrist shot by Matt Stajan.
13:07 of 3rd period - Shot Misses the Net.
13:17 of 3rd period - Nick Pryor is hit by Sean Avery and loses puck.
13:46 of 3rd period - Snap shot by Michael Frolik.
13:46 of 3rd period - Shot Blocked by Sami Lepisto.
14:04 of 3rd period - Bobby Butler is hit by John Tavares and loses puck.
14:56 of 3rd period - Ryan Parent is hit by Peter Worrell.
15:23 of 3rd period - Icing by Marcus Kruger.
15:24 of 3rd period - Mike Ribeiro wins face-off versus Marcus Kruger in Stars zone.
15:25 of 3rd period - Snap shot by Maxim Afinogenov.
15:25 of 3rd period - Shot Misses the Net.
15:41 of 3rd period - Slapshot by Scottie Upshall.
15:41 of 3rd period - Stopped by Brent Krahn without a rebound.
15:42 of 3rd period - John Tavares wins face-off versus Matt Stajan in Canucks zone.
15:45 of 3rd period - Wrist shot by Radim Vrbata.
15:45 of 3rd period - Shot Misses the Net.
16:07 of 3rd period - Mike Ribeiro is hit by Michael Frolik and loses puck.
16:14 of 3rd period - Wrist shot by Ryan Getzlaf.
16:14 of 3rd period - Shot Blocked by Mike Ribeiro.
16:38 of 3rd period - Backhand shot by Evgeny Artyukhin.
16:38 of 3rd period - Shot Misses the Net.
17:20 of 3rd period - Slapshot by Maxim Lapierre.
17:20 of 3rd period - Shot Misses the Net.
17:22 of 3rd period - Wrist shot by Patrick Eaves.
17:22 of 3rd period - Shot Blocked by Brian Lee.
17:24 of 3rd period - Slapshot by Alex Goligoski.
17:24 of 3rd period - Deflect By Maxim Lapierre.
17:24 of 3rd period - Stopped by Miika Kiprusoff with a rebound.
17:26 of 3rd period - Slapshot by Brendon Nash.
17:26 of 3rd period - Stopped by Miika Kiprusoff with a rebound.
17:28 of 3rd period - Slapshot by Alex Goligoski.
17:28 of 3rd period - Stopped by Miika Kiprusoff without a rebound.
17:29 of 3rd period - Matt Stajan wins face-off versus Ryan Getzlaf in Stars zone.
17:30 of 3rd period - Wrist shot by Alex Tanguay.
17:30 of 3rd period - Shot Blocked by Ryan Getzlaf.
17:42 of 3rd period - Wrist shot by Ryan Getzlaf.
17:42 of 3rd period - Shot Misses the Net.
18:17 of 3rd period - Snap shot by Milan Michalek.
18:17 of 3rd period - Stopped by Miika Kiprusoff without a rebound.
18:18 of 3rd period - John Tavares wins face-off versus Martin St. Louis in Stars zone.
18:25 of 3rd period - Slapshot by Brian Lee.
18:25 of 3rd period - Shot Blocked by Ben Lovejoy.
18:27 of 3rd period - Snap shot by Radim Vrbata.
18:27 of 3rd period - Shot Blocked by Ryan Parent.
18:29 of 3rd period - Slapshot by Brian Lee.
18:29 of 3rd period - Deflect By Jiri Hudler.
18:29 of 3rd period - Stopped by Brent Krahn with a rebound.
18:31 of 3rd period - Wrist shot by Radim Vrbata.
18:31 of 3rd period - Stopped by Brent Krahn without a rebound.
18:32 of 3rd period - Maxim Lapierre wins face-off versus John Tavares in Canucks zone.
18:32 of 3rd period - Maxim Lapierre is hit by Scott Hartnell.
18:58 of 3rd period - Michael Frolik is hit by Alex Tanguay and loses puck.
19:48 of 3rd period - Brendon Nash is hit by Sean Avery and loses puck.
Goals for this period are 2 for Canucks vs 0 for Stars.
Shots for this period are 15 for Canucks vs 9 for Stars.